 Dungeon Crawl Stone Soup version 0.30.1-11-g7821555f0a (webtiles) character file.

Game seed: 17864888526845296227

144 KittyFluff the Cudgeller (level 5, -2/49 HPs)
             Began as a Gargoyle Berserker on Nov 12, 2023.
             Was a Believer of Trog.
             Slain by a goblin
             ... wielding a +0 club
             ... led by Robin
              (3 damage)
             ... on level 3 of the Dungeon.
             The game lasted 00:06:53 (2006 turns).

KittyFluff the Cudgeller (Gargoyle Berserker)       Turns: 2006, Time: 00:06:53

Health: -2/49      AC:  8    Str: 23    XL:     5   Next: 26%
Magic:  5/5        EV: 11    Int:  7    God:    Trog [**....]
Gold:   139        SH:  0    Dex:  9    Spells: 4/4 levels left

rFire   . . .        a - +0 mace
rCold   . . .        (no shield)
rNeg    + . .        i - +0 leather armour
rPois   ∞            (no helmet)
rElec   +            (no cloak)
rCorr   +            h - +0 pair of gloves
SInv    .            (no boots)
Will    .....        (no amulet) Stlth
                     l - ring of resist corrosion
HPRegen 0.28/turn    n - ring of flight
MPRegen 0.09/turn

%: no passive effects
@: berserking, flying, very quick
A: sickness immunity, AC +4, negative energy resistance 1, electricity
resistance, torment resistance 1, petrification resistance
a: Renounce Religion, Berserk, Trog's Hand


You were on level 3 of the Dungeon.
You worshipped Trog.
Trog was pleased with you.
You visited 1 branch of the dungeon, and saw 3 of its levels.

You collected 139 gold pieces.

Inventory:

Hand Weapons
 a - a +0 mace (weapon)
Missiles
 m - 3 boomerangs (quivered)
 t - 4 poisoned darts
Armour
 h - a +0 pair of gloves (worn)
 i - a +0 leather armour (worn)
Jewellery
 l - a ring of resist corrosion (left hand)
 n - a ring of flight (right hand)
 u - a ring of fire
Scrolls
 g - a scroll of enchant armour {unknown}
 j - 2 scrolls of teleportation {unknown}
 k - a scroll of fear {unknown}
 o - a scroll of enchant weapon {unknown}
 s - a scroll of amnesia {unknown}
Potions
 b - a potion of lignification {unknown}
 c - a potion of curing {unknown}
 d - 2 potions of might {unknown}
 e - a potion of cancellation {unknown}
 f - 2 potions of mutation {unknown}
 p - 2 potions of heal wounds {unknown}
 q - a potion of brilliance {unknown}
 r - a potion of flight {unknown}


   Skills:
 + Level 3.8 Fighting
 * Level 4.0 Maces & Flails
 * Level 3.6 Armour
 + Level 2.1 Dodging
 + Level 1.8 Stealth


You had 4 spell levels left.
You didn't know any spells.
Your spell library was empty.

Dungeon Overview and Level Annotations

Branches:
Dungeon (3/15)

Altars:

Annotations:
D:3 Robin


Innate Abilities, Weirdness & Mutations

You are immune to sickness and miasma.
Your stone body is resilient. (AC +4)
You are immune to poison.
You resist negative energy. (rN+)
You are resistant to electric shocks. (rElec)
You are resistant to unholy torment.
You are immune to petrification.


Message History

The magic dart hits you.
You completely miss Natasha.
Natasha is heavily wounded.
The goblin misses you.
The goblin hits you but does no damage. x2
A goblin comes into view. It is wielding a +0 club.
Natasha claws you.
You sock Natasha!
You kill Natasha!
Trog accepts your kill.
Trog appreciates your killing of a magic user.
Moaning pathetically, Natasha's spirit plunges into the ground.
The goblin misses you. The goblin barely misses you.
The goblin closely misses you. x2; Robin throws the goblin at you!
The goblin barely misses you. The goblin hits you but does no damage.
The goblin barely misses you.
Your Maces & Flails skill increases to level 4!
You hit the goblin.
You kill the goblin!
Trog accepts your kill. The goblin barely misses you. The goblin misses you.
The goblin hits you but does no damage. Robin throws the goblin at you!
You sock the goblin!
You kill the goblin!
Trog accepts your kill. The goblin hits you but does no damage.
The goblin hits you with a +0 club.
* * * LOW HITPOINT WARNING * * *
The goblin closely misses you.
A red film seems to cover your vision as you go berserk!
You feel yourself moving faster!
You feel mighty!
An adder comes into view.
The goblin hits you but does no damage. The goblin hits you with a +0 club.
* * * LOW HITPOINT WARNING * * *
The goblin hits you with a +0 club.
* * * LOW HITPOINT WARNING * * *
You closely miss the goblin.
The adder hisses angrily.
The goblin hits you with a +0 club.
* * * LOW HITPOINT WARNING * * *
The goblin hits you with a +0 club.
You die...

#.......###....#.##
#.........)........ .
..##..#.###...#.#S...
.................#
####..#.##...##..###
#..#.##...# .....
#..#.##...###.#####
#..#.##.....g)g...#
#### #.##..####@###.#
.... .....# #g# ####
....... #g# .#.#.#.
#g# .#.....


gg. ####.###... ... ##.......... ... .......... ##### ##.##.#### You could see
Robin, an adder, 2 hobgoblins and 4 goblins.

Vanquished Creatures
  An orc priest (D:3)
  A hound (D:2)
  Natasha (D:3)
  A worm (D:2)
  2 dart slugs
  4 orcs (D:3)
  3 endoplasms
  2 giant cockroaches
  5 goblins
  5 hobgoblins
  3 jackals (D:1)
  2 quokkas
  3 ball pythons
  5 bats
  2 frilled lizards
  5 kobolds
  5 rats
50 creatures vanquished.

Notes
Turn   | Place    | Note
-------+----------+-------------------------------------------
     0 | D:1      | KittyFluff the Gargoyle Berserker began the quest for the
                  | Orb.
     0 | D:1      | Reached XP level 1. HP: 14/14 MP: 1/1
   229 | D:1      | Reached XP level 2. HP: 18/19 MP: 2/2
   335 | D:1      | Found a faded altar of an unknown god.
   709 | D:1      | Reached XP level 3. HP: 23/23 MP: 3/3
  1049 | D:2      | Reached ** piety under Trog
  1065 | D:2      | Reached skill level 1 in Stealth
  1065 | D:2      | Reached XP level 4. HP: 10/28 MP: 4/4
  1989 | D:3      | Noticed Robin
  1993 | D:3      | Noticed Natasha
  1995 | D:3      | Reached XP level 5. HP: 33/33 MP: 5/5
  2002 | D:3      | Killed Natasha
  2003 | D:3      | Reached skill level 4 in Maces & Flails
  2006 | D:3      | HP: 1/49 [goblin/+0 club[Robin] (5)]
  2006 | D:3      | Slain by a goblin

Illustrated notes

Levels and vault maps discovered:
D:1:      ebering_hopf_link, layout_basic, shapermc_ecumenical_altar_flowoftime
D:2:      layout_loops_ring
D:3:      layout_basic, pf_just_have_faith, uniq_robin, uniq_crazy_yiuf_cottage,
          uniq_natasha

Skill      XL: |  1  2  3  4  5 |
---------------+----------------+-----
Armour         | 3 |  3.6
Stealth        | 1 |  1.8
Dodging        | 2 |  2.1
Maces & Flails | 4 |  4.0
Fighting       | |  3.8

Action                     |  1- 3 |  4- 6 || total
---------------------------+-------+-------++-------
  Melee: Mace              |    78 |    67 ||   145
         Punch             |     2 |     1 ||     3
 Invoke: Berserk           |       |     1 ||     1
   Stab: Sleeping          |       |     1 ||     1
 Armour: Animal skin       |    18 |       ||    18
         Leather armour    |    23 |    40 ||    63
  Dodge: Dodged            |    54 |    50 ||   104
